 Dungeon Crawl Stone Soup version 0.22-a0-247-gbddf880 (webtiles) character file.

633 Amnesiac the Chucker (level 7, -5/72 HPs)
             Began as an Ogre Fighter on Feb 24, 2018.
             Killed by divine providence
             ... invoked by an orc priest
              (11 damage)
             ... on level 5 of the Dungeon.
             The game lasted 00:04:51 (4625 turns).

Amnesiac the Chucker (Ogre Fighter)                 Turns: 4625, Time: 00:04:52

Health: -5/72      AC:  4    Str: 23    XL:     7   Next: 49%
Magic:  7/7        EV:  8    Int:  9    God:
Gold:   260        SH:  9    Dex:  8    Spells: 6/6 levels left

rFire    . . .     SeeInvis .   b - +0 hunting sling
rCold    . . .     Gourm    .   c - +0 shield
rNeg     . . .     Faith    .   g - +0 robe
rPois    .         Spirit   .   (helmet restricted)
rElec    .         Reflect  .   u - +0 cloak
rCorr    .         Harm     .   (gloves unavailable)
MR       .....                  (boots unavailable)
Stlth    +.........             (no amulet)
HPRegen  0.22/turn              (no ring)
MPRegen  0.10/turn              (no ring)

@: no status effects
A: large, unfitting armour, tough skin 1
a: no special abilities


You were on level 5 of the Dungeon.
You were not hungry.

You visited 1 branch of the dungeon, and saw 5 of its levels.

You collected 260 gold pieces.

Inventory:

Hand Weapons
 a - a +0 trident
 b - a +0 hunting sling (weapon)
Missiles
 e - 188 stones (quivered)
 o - 7 poisoned needles
 z - a throwing net
Armour
 c - a +0 shield (worn)
 g - a +0 robe (worn)
 u - a +0 cloak (worn)
Jewellery
 p - an uncursed amulet of harm {unknown}
 C - a +3 ring of protection {unknown}
Scrolls
 h - 7 scrolls of identify {!r, unknown}
 m - a scroll of enchant armour {!r, unknown}
 q - 5 scrolls of remove curse {!r, unknown}
 r - 2 scrolls of blinking {!r, unknown}
 w - a scroll of random uselessness {!r, unknown}
 x - a scroll of fog {!r, unknown}
 y - a scroll of magic mapping {!r, unknown}
Potions
 d - 2 potions of might {!q}
 i - a potion of brilliance {!q, unknown}
 j - a potion of mutation {!q, unknown}
 k - 3 potions of curing {!q}
 l - a potion of haste {!q, unknown}
 n - a potion of heal wounds {!q}
 s - a potion of invisibility {!q, unknown}
 v - a potion of magic {!q, unknown}
 B - a potion of degeneration {!q, unknown}
Comestibles
 f - 10 rations
 t - 12 chunks of flesh


   Skills:
 + Level 5.5 Fighting
 - Level 2.0 Polearms
 * Level 6.5 Throwing
 - Level 2.6 Dodging
 + Level 3.7 Shields


You had 6 spell levels left.
You didn't know any spells.

Dungeon Overview and Level Annotations

Branches:
Dungeon (5/15)             Temple (0/1) D:4

Altars:
Kikubaaqudgha

Annotations:
D:2 Crazy Yiuf


Innate Abilities, Weirdness & Mutations

You are too large for most types of armour.
You have tough skin. (AC +1)


Message History

Press: ? - help, Shift-Dir - straight line, f/p - orc wizard
Aim: an orc wizard, wielding a dagger and wearing a robe (almost dead, fast)
You shoot a stone. The stone barely misses the orc wizard.
You block the orc wizard's attack. The orc priest hits you.
* * * LOW HITPOINT WARNING * * *
The orc wizard gestures at you while chanting.
The magic dart hits you!
* * * LOW HITPOINT WARNING * * *
You are too injured to fight recklessly!
You are too injured to fight recklessly!
You are too injured to fight recklessly!
You are too injured to fight recklessly!
You are too injured to fight recklessly!
You aren't carrying any items that you can evoke without wielding.
Firing (i - inventory. (/) - cycle)
e - 195 stones (quivered)
Press: ? - help, Shift-Dir - straight line, f/p - orc wizard
Aim: an orc wizard, wielding a dagger and wearing a robe (almost dead, fast)
You shoot a stone.
The stone hits the orc wizard but does no damage.
The orc wizard is almost dead.
The orc priest hits you.
* * * LOW HITPOINT WARNING * * *
You block the orc wizard's attack.
The orc priest hits you but does no damage.
Firing (i - inventory. (/) - cycle)
e - 194 stones (quivered)
Press: ? - help, Shift-Dir - straight line, f/p - orc wizard
Aim: an orc wizard, wielding a dagger and wearing a robe (almost dead, fast)
You shoot a stone. The stone hits the orc wizard!
You kill the orc wizard!
The orc priest hits you.
* * * LOW HITPOINT WARNING * * *
Firing (i - inventory. (/) - cycle)
e - 193 stones (quivered)
Press: ? - help, Shift-Dir - straight line, f - orc priest
Aim: an orc priest, wearing a ring mail You shoot a stone.
The stone barely misses the orc priest.
The orc priest barely misses you.
Firing (i - inventory. (/) - cycle)
e - 192 stones (quivered)
Press: ? - help, Shift-Dir - straight line, f/p - orc priest
Aim: an orc priest, wearing a ring mail You shoot a stone.
The stone hits the orc priest but does no damage.
You block the orc priest's attack.
Firing (i - inventory. (/) - cycle)
e - 191 stones (quivered)
Press: ? - help, Shift-Dir - straight line, f/p - orc priest
Aim: an orc priest, wearing a ring mail You shoot a stone.
The stone barely misses the orc priest.
The orc priest barely misses you.
Firing (i - inventory. (/) - cycle)
e - 190 stones (quivered)
Press: ? - help, Shift-Dir - straight line, f/p - orc priest
Aim: an orc priest, wearing a ring mail You shoot a stone.
The stone closely misses the orc priest.
The orc priest hits you.
* * * LOW HITPOINT WARNING * * *
Firing (i - inventory. (/) - cycle)
e - 189 stones (quivered)
Press: ? - help, Shift-Dir - straight line, f/p - orc priest
Aim: an orc priest, wearing a ring mail You shoot a stone.
The stone hits the orc priest.
The orc priest is moderately wounded.
The orc priest hits you.
* * * LOW HITPOINT WARNING * * *
The orc priest calls down the wrath of Beogh upon you.
Beogh smites you!
You die...

##.# ##..# #........# .#.#
#..## #........# ...###.##
#........# ##..##.#
########.....# #.....#
#.....(#######
#...######.8..8.###
#.#....#.'..##..'(#
##...##...'..##()o(#
.......####.8..8@#(#
...###....#......#o#
#....#############.########
#....# #.# .##.....# .....#
#.# ###.....# .....# #.#
#.....# .....#
##.########..>..#
#....######...............#
####....)....########.....#


You could see an orc priest.

Vanquished Creatures
  An ogre (D:5)
  A phantom (D:4)
  A howler monkey (D:4)
  2 hounds
  A bullfrog skeleton (D:4)
  A gnoll shaman (D:4)
  An orc priest (D:4)
  2 orc wizards
  2 worker ants
  2 adders
  8 gnolls
  An ooze (D:1)
  A worm (D:3)
  3 dart slugs
  3 leopard geckos (D:1)
  6 orcs
  2 ball pythons
  6 bats
  3 giant cockroaches
  6 goblins
  5 hobgoblins
  5 jackals (D:3)
  5 kobolds
  2 quokkas
  3 frilled lizards
  4 rats
77 creatures vanquished.

Notes
Turn   | Place    | Note
-------+----------+-------------------------------------------
     0 | D:1      | Amnesiac the Ogre Fighter began the quest for the Orb.
     0 | D:1      | Reached XP level 1. HP: 24/24 MP: 1/1
    69 | D:1      | Reached skill level 1 in Throwing
    85 | D:1      | Reached XP level 2. HP: 26/32 MP: 2/2
   120 | D:1      | Reached skill level 2 in Throwing
   223 | D:1      | Reached XP level 3. HP: 28/39 MP: 3/3
   359 | D:1      | Reached skill level 3 in Throwing
   860 | D:2      | Found a runed door.
  1482 | D:2      | Noticed Crazy Yiuf
  1621 | D:3      | Reached XP level 4. HP: 26/48 MP: 4/4
  2276 | D:4      | Noticed a phantom
  2296 | D:4      | Killed a phantom
  2296 | D:4      | Reached skill level 4 in Throwing
  2296 | D:4      | Reached XP level 5. HP: 40/54 MP: 5/5
  2359 | D:4      | Reached skill level 5 in Throwing
  2388 | D:4      | Reached XP level 6. HP: 14/63 MP: 6/6
  3328 | D:4      | Found a staircase to the Ecumenical Temple.
  3483 | D:4      | Found an ancient bone altar of Kikubaaqudgha.
  4062 | D:5      | Entered Level 5 of the Dungeon
  4079 | D:5      | Reached skill level 5 in Fighting
  4079 | D:5      | Reached skill level 6 in Throwing
  4079 | D:5      | Reached XP level 7. HP: 48/72 MP: 7/7
  4625 | D:5      | Killed from afar by an orc priest

Vault maps used:
D:1:      ncdulo_smallfort
D:2:      first_ration, serial_bayou_lagoon_a, uniq_crazy_yiuf_cottage
D:4:      nicolae_overflow_crystal_walls, minmay_temple_entry_fiery
D:5:      kennysheep_generic_room_15

Skill      XL: |  1  2  3  4  5  6 |
---------------+-------------------+-----
Throwing       | 1 2 3 4 5 6 |  6.5
Shields        | 3 |  3.7
Fighting       | 5 |  5.5
Polearms       | |  2.0
Dodging        | |  2.6

Action                   |  1- 3 |  4- 6 |  7- 9 || total
-------------------------+-------+-------+-------++-------
Melee: Trident           |    69 |       |       ||    69
 Fire: Hunting sling     |    48 |   222 |    74 ||   344
  Use: Potion            |     2 |     1 |       ||     3
  Eat: Chunk             |     2 |     7 |     2 ||    11
Armor: Robe              |    13 |    21 |     9 ||    43
Dodge: Dodged            |    30 |    30 |    18 ||    78
Block: Shield            |    25 |    60 |    23 ||   108

Table legend:
 A = Spawn XP
 B = Non-spawn XP
 C = Spawn XP percentage of total XP
 D = Spawn monster count
 E = Non-spawn monster count
 F = Spawn count percentage of total count
 G = Total turns spent on level
                    A         B        C        D         E        F      G
               +---------+---------+-------+---------+---------+-------+---------
         Total |       0 |     905 |   0.0 |       0 |      77 |   0.0 |  4625
               +---------+---------+-------+---------+---------+-------+---------
           D:1 |       0 |      54 |   0.0 |       0 |      24 |   0.0 |   551
           D:2 |       0 |      17 |   0.0 |       0 |       3 |   0.0 |   985
           D:3 |       0 |      56 |   0.0 |       0 |      23 |   0.0 |  1215
           D:4 |       0 |     459 |   0.0 |       0 |      15 |   0.0 |  1311
           D:5 |       0 |     319 |   0.0 |       0 |      12 |   0.0 |   563
               +---------+---------+-------+---------+---------+-------+---------
